| TOP OF THE 1ST |
|
Los Angeles (NYP) Angels batting - Pitching for Tri-City ValleyCats : RHP Alexander Hagan
|
|
Pitching: RHP Alexander Hagan
|
|
|
Batting: RHB Randy Grewe
|
0-0: Called Strike 0-1: Called Strike 0-2: Ball 1-2: Foul Ball, location: 2F 1-2: Foul Ball, location: 2F 1-2: Strikes out swinging
|
|
Batting: RHB Steve Hasson
|
0-0: Called Strike 0-1: Ball 1-1: Swinging Strike 1-2: Strikes out swinging
|
|
Batting: SHB Conor Davies
|
0-0: Called Strike 0-1: Foul Ball, location: 2F 0-2: Ball 1-2: Fly out, F9 (Flyball, 9D, EV 93.8 MPH)
|
| Top of the 1st over - 0 runs, 0 hits, 0 errors, 0 left on base; Los Angeles (NYP) 0 - Tri-City 0 |
| BOTTOM OF THE 1ST |
|
Tri-City ValleyCats batting - Pitching for Los Angeles (NYP) Angels : RHP Nick Madrid
|
|
Pitching: RHP Nick Madrid
|
|
|
Batting: RHB Ben Hoffman
|
0-0: Ball 1-0: Ball 2-0: Ball 3-0: Called Strike 3-1: Foul Ball, location: 2F 3-2: Base on Balls
|
|
Batting: RHB Justin Olmstead
|
0-0: Called Strike Ben Hoffman steals 2nd base (no throw) 0-1: Ball 1-1: Called Strike Balk! Ben Hoffman to third 1-2: Foul Ball, location: 2F 1-2: Ball 2-2: Strikes out swinging
|
|
Batting: LHB Vinny Siebecker
|
0-0: Swinging Strike 0-1: Foul Ball, location: 2F 0-2: Ground out 6-3 (Groundball, 6, EV 81.2 MPH) Ben Hoffman scores
|
|
Batting: SHB Chris Keziah
|
0-0: Foul Ball, location: 2F 0-1: Foul Ball, location: 2F 0-2: Ball 1-2: Foul Ball, location: 2F 1-2: Ball 2-2: Ground out 1-3 (Groundball, 13S, EV 69.4 MPH)
|
| Bottom of the 1st over - 1 run, 0 hits, 0 errors, 0 left on base; Los Angeles (NYP) 0 - Tri-City 1 |
| TOP OF THE 2ND |
|
Los Angeles (NYP) Angels batting - Pitching for Tri-City ValleyCats : RHP Alexander Hagan
|
|
Batting: RHB John Beddow
|
0-0: Swinging Strike 0-1: Ball 1-1: Fly out, F5 (Popup, 25F, EV 86.2 MPH)
|
|
Batting: RHB Tsega Haida
|
0-0: Called Strike 0-1: Ball 1-1: Ball 2-1: SINGLE (Groundball, 5S, EV 65.6 MPH) (infield hit)
|
|
Batting: RHB Jason Habeck
|
0-0: Called Strike 0-1: Ball 1-1: Ball Tsega Haida is caught stealing 2nd base 2-4 2-1: Called Strike 2-2: Strikes out looking
|
| Top of the 2nd over - 0 runs, 1 hit, 0 errors, 0 left on base; Los Angeles (NYP) 0 - Tri-City 1 |
| BOTTOM OF THE 2ND |
|
Tri-City ValleyCats batting - Pitching for Los Angeles (NYP) Angels : RHP Nick Madrid
|
|
Batting: SHB Salvador Gomez
|
0-0: Ball 1-0: Swinging Strike 1-1: Foul Ball, location: 2F 1-2: Strikes out looking
|
|
Batting: RHB Mike Koch
|
0-0: Fly out, F7 (Flyball, 7, EV 73.1 MPH)
|
|
Batting: RHB Dan Kurtz
|
0-0: Ball 1-0: Foul Ball, location: 2F 1-1: Foul Ball, location: 2F 1-2: Foul Ball, location: 2F 1-2: Fly out, F8 (Flyball, 8LM, EV 85.0 MPH)
|
| Bottom of the 2nd over - 0 runs, 0 hits, 0 errors, 0 left on base; Los Angeles (NYP) 0 - Tri-City 1 |
| TOP OF THE 3RD |
|
Los Angeles (NYP) Angels batting - Pitching for Tri-City ValleyCats : RHP Alexander Hagan
|
|
Batting: RHB Steve Hughey
|
0-0: Ball 1-0: Ball 2-0: SOLO HOME RUN (Flyball, 9D, EV 99.4 MPH), Distance : 376 ft
|
|
Batting: RHB David Kunze
|
0-0: Called Strike 0-1: Foul Ball, location: 2F 0-2: Ball 1-2: Strikes out looking
|
|
Batting: RHB D.J. Martinez
|
0-0: Called Strike 0-1: Ball 1-1: Swinging Strike 1-2: Strikes out swinging
|
|
Batting: RHB Randy Grewe
|
0-0: Ground out 5-3 (Groundball, 56, EV 105.6 MPH)
|
| Top of the 3rd over - 1 run, 1 hit, 0 errors, 0 left on base; Los Angeles (NYP) 1 - Tri-City 1 |
| BOTTOM OF THE 3RD |
|
Tri-City ValleyCats batting - Pitching for Los Angeles (NYP) Angels : RHP Nick Madrid
|
|
Batting: RHB Evan Fry
|
0-0: Called Strike 0-1: Ball 1-1: Ball 2-1: Ball 3-1: Foul Ball, location: 2F 3-2: Strikes out swinging
|
|
Batting: RHB Rob Baker
|
0-0: Ball 1-0: Fly out, F8 (Line Drive, 8RM, EV 92.5 MPH)
|
|
Batting: RHB Ben Hoffman
|
0-0: Called Strike 0-1: Foul Ball, location: 2F 0-2: SINGLE (Groundball, 6MD, EV 100.0 MPH)
|
|
Batting: RHB Justin Olmstead
|
0-0: Ball Ben Hoffman is caught stealing 2nd base 2-4
|
| Bottom of the 3rd over - 0 runs, 1 hit, 0 errors, 0 left on base; Los Angeles (NYP) 1 - Tri-City 1 |
| TOP OF THE 4TH |
|
Los Angeles (NYP) Angels batting - Pitching for Tri-City ValleyCats : RHP Alexander Hagan
|
|
Batting: RHB Steve Hasson
|
0-0: Called Strike 0-1: Bunt for hit to 2R - play at first, batter OUT! 2-3
|
|
Batting: SHB Conor Davies
|
0-0: Called Strike 0-1: Swinging Strike 0-2: Ball 1-2: Ball 2-2: SOLO HOME RUN (Flyball, 9LD, EV 91.9 MPH), Distance : 333 ft
|
|
Batting: RHB John Beddow
|
0-0: Foul Ball, location: 2F 0-1: Ball 1-1: Fly out, F9 (Flyball, 9LM, EV 96.2 MPH)
|
|
Batting: RHB Tsega Haida
|
0-0: Ball 1-0: Ground out 6-3 (Groundball, 6, EV 110.6 MPH)
|
| Top of the 4th over - 1 run, 1 hit, 0 errors, 0 left on base; Los Angeles (NYP) 2 - Tri-City 1 |
| BOTTOM OF THE 4TH |
|
Tri-City ValleyCats batting - Pitching for Los Angeles (NYP) Angels : RHP Nick Madrid
|
|
Batting: RHB Justin Olmstead
|
0-0: Called Strike 0-1: Fly out, F3 (Popup, 3F, EV 78.8 MPH)
|
|
Batting: LHB Vinny Siebecker
|
0-0: Ball 1-0: Ball 2-0: Foul Ball, location: 2F 2-1: Ground out 4-3 (Groundball, 4, EV 86.9 MPH)
|
|
Batting: SHB Chris Keziah
|
0-0: Foul Ball, location: 2F 0-1: Swinging Strike 0-2: Ball 1-2: Strikes out swinging
|
| Bottom of the 4th over - 0 runs, 0 hits, 0 errors, 0 left on base; Los Angeles (NYP) 2 - Tri-City 1 |
| TOP OF THE 5TH |
|
Los Angeles (NYP) Angels batting - Pitching for Tri-City ValleyCats : RHP Alexander Hagan
|
|
Batting: RHB Jason Habeck
|
0-0: Ball 1-0: Swinging Strike 1-1: Called Strike 1-2: Foul Ball, location: 2F 1-2: Strikes out looking
|
|
Batting: RHB Steve Hughey
|
0-0: Ball 1-0: Called Strike 1-1: Ball 2-1: Swinging Strike 2-2: Strikes out swinging
|
|
Batting: RHB David Kunze
|
0-0: Called Strike 0-1: DOUBLE (Flyball, 89D, EV 92.5 MPH)
|
|
Batting: RHB D.J. Martinez
|
0-0: Swinging Strike 0-1: Ball 1-1: Ball 2-1: Foul Ball, location: 2F 2-2: Foul Ball, location: 2F 2-2: Strikes out swinging
|
| Top of the 5th over - 0 runs, 1 hit, 0 errors, 1 left on base; Los Angeles (NYP) 2 - Tri-City 1 |
| BOTTOM OF THE 5TH |
|
Tri-City ValleyCats batting - Pitching for Los Angeles (NYP) Angels : RHP Nick Madrid
|
|
Batting: SHB Salvador Gomez
|
0-0: Ball 1-0: Ball 2-0: Ball 3-0: Called Strike 3-1: Ground out U3 (Groundball, 3, EV 83.8 MPH)
|
|
Batting: RHB Mike Koch
|
0-0: Ball 1-0: Ground out 4-3 (Groundball, 34, EV 83.1 MPH)
|
|
Batting: RHB Dan Kurtz
|
0-0: Swinging Strike 0-1: Swinging Strike 0-2: Ball 1-2: Ball 2-2: Strikes out swinging
|
| Bottom of the 5th over - 0 runs, 0 hits, 0 errors, 0 left on base; Los Angeles (NYP) 2 - Tri-City 1 |
| TOP OF THE 6TH |
|
Los Angeles (NYP) Angels batting - Pitching for Tri-City ValleyCats : RHP Alexander Hagan
|
|
Batting: RHB Randy Grewe
|
0-0: Ball 1-0: Ball 2-0: Called Strike 2-1: Foul Ball, location: 2F 2-2: Foul Ball, location: 2F 2-2: Strikes out looking
|
|
Batting: RHB Steve Hasson
|
0-0: Called Strike 0-1: Foul Ball, location: 2F 0-2: Ball 1-2: Ball 2-2: Ball 3-2: Foul Ball, location: 2F 3-2: Ground out 5-3 (Groundball, 56S, EV 70.6 MPH)
|
|
Batting: SHB Conor Davies
|
0-0: Ball 1-0: Ball 2-0: Called Strike 2-1: Ball 3-1: Base on Balls
|
|
Batting: RHB John Beddow
|
0-0: Called Strike 0-1: Called Strike 0-2: Foul Ball, location: 2F 0-2: Fielders Choice at 2nd, 5-4 (Groundball, 5, EV 91.2 MPH)
|
| Top of the 6th over - 0 runs, 0 hits, 0 errors, 1 left on base; Los Angeles (NYP) 2 - Tri-City 1 |
| BOTTOM OF THE 6TH |
|
Tri-City ValleyCats batting - Pitching for Los Angeles (NYP) Angels : RHP Nick Madrid
|
|
Batting: RHB Evan Fry
|
0-0: SINGLE (Groundball, 4M, EV 106.2 MPH) (infield hit)
|
|
Batting: RHB Rob Baker
|
0-0: Ball 1-0: Ball 2-0: Called Strike 2-1: Called Strike 2-2: Strikes out looking
|
|
Batting: RHB Ben Hoffman
|
0-0: Ball 1-0: Swinging Strike 1-1: Ball 2-1: Called Strike 2-2: Fly out, F5 (Line Drive, 5, EV 68.8 MPH)
|
|
Batting: RHB Justin Olmstead
|
0-0: Ball 1-0: Swinging Strike 1-1: Ball 2-1: Foul Ball, location: 2F 2-2: Ground out 4-3 (Groundball, 4, EV 100.6 MPH)
|
| Bottom of the 6th over - 0 runs, 1 hit, 0 errors, 1 left on base; Los Angeles (NYP) 2 - Tri-City 1 |
| TOP OF THE 7TH |
|
Los Angeles (NYP) Angels batting - Pitching for Tri-City ValleyCats : RHP Alexander Hagan
|
|
Batting: RHB Tsega Haida
|
0-0: Called Strike 0-1: Foul Ball, location: 2F 0-2: Ball 1-2: Ball 2-2: Strikes out swinging
|
|
Batting: RHB Jason Habeck
|
0-0: Foul Ball, location: 2F 0-1: Swinging Strike 0-2: Ball 1-2: Foul Ball, location: 2F 1-2: Ground out 6-3 (Groundball, 6, EV 83.8 MPH)
|
|
Batting: RHB Steve Hughey
|
0-0: Ball 1-0: Foul Ball, location: 2F 1-1: Foul Ball, location: 2F 1-2: Strikes out swinging
|
| Top of the 7th over - 0 runs, 0 hits, 0 errors, 0 left on base; Los Angeles (NYP) 2 - Tri-City 1 |
| BOTTOM OF THE 7TH |
|
Tri-City ValleyCats batting - Pitching for Los Angeles (NYP) Angels : RHP Nick Madrid
|
|
Pitching: LHP Brandon Davis
|
|
|
Batting: LHB Vinny Siebecker
|
0-0: SINGLE (Groundball, 34D, EV 110.0 MPH)
|
|
Pitching: LHP Alex Pulido
|
|
|
Batting: SHB Chris Keziah
|
0-0: Called Strike 0-1: Ball 1-1: Fly out, F7 (Flyball, 7, EV 80.0 MPH)
|
|
Batting: SHB Salvador Gomez
|
0-0: TRIPLE (Flyball, 8LXD, EV 93.1 MPH) Vinny Siebecker scores
|
|
Batting: RHB Mike Koch
|
0-0: SINGLE (Line Drive, 5L, EV 96.2 MPH) Salvador Gomez scores
|
|
Batting: RHB Dan Kurtz
|
0-0: DOUBLE (Flyball, 8LXD, EV 100.0 MPH) Mike Koch to third
|
|
Batting: RHB Evan Fry
|
0-0: Intentional Walk
|
|
Batting: RHB Rob Baker
|
0-0: Foul Ball, location: 2F 0-1: Ball 1-1: Called Strike 1-2: Strikes out swinging
|
|
Batting: RHB Ben Hoffman
|
0-0: Ball 1-0: Fly out, F8 (Flyball, 8RXD, EV 103.8 MPH)
|
| Bottom of the 7th over - 2 runs, 4 hits, 0 errors, 3 left on base; Los Angeles (NYP) 2 - Tri-City 3 |
| TOP OF THE 8TH |
|
Los Angeles (NYP) Angels batting - Pitching for Tri-City ValleyCats : RHP Alexander Hagan
|
|
Pitching: RHP Arsène Serre
|
|
|
Pinch Hitting: RHB Jeff Long
|
0-0: Ball 1-0: Ground out 6-3 (Groundball, 6, EV 78.1 MPH)
|
|
Batting: RHB D.J. Martinez
|
0-0: Ball 1-0: Foul Ball, location: 2F 1-1: Foul Ball, location: 2F 1-2: Foul Ball, location: 2F 1-2: Strikes out swinging
|
|
Batting: RHB Randy Grewe
|
0-0: Ball 1-0: Called Strike 1-1: Called Strike 1-2: Fly out, F8 (Flyball, 8LS, EV 92.5 MPH)
|
| Top of the 8th over - 0 runs, 0 hits, 0 errors, 0 left on base; Los Angeles (NYP) 2 - Tri-City 3 |
| BOTTOM OF THE 8TH |
|
Tri-City ValleyCats batting - Pitching for Los Angeles (NYP) Angels : LHP Alex Pulido
|
|
Now in CF: Jon Griffin
|
|
|
Batting: RHB Justin Olmstead
|
0-0: Called Strike 0-1: Ball 1-1: Swinging Strike 1-2: Strikes out looking
|
|
Batting: LHB Vinny Siebecker
|
0-0: Called Strike 0-1: Ball 1-1: Called Strike 1-2: Ball 2-2: Ball 3-2: Base on Balls
|
|
Batting: SHB Chris Keziah
|
0-0: Called Strike 0-1: Ball 1-1: Ball 2-1: Ball 3-1: Swinging Strike 3-2: Strikes out looking
|
|
Batting: SHB Salvador Gomez
|
0-0: Ball 1-0: Ball 2-0: Ball 3-0: Base on Balls Vinny Siebecker to second
|
|
Batting: RHB Mike Koch
|
0-0: Ball 1-0: Fly out, F6 (Flyball, 56D, EV 73.8 MPH)
|
| Bottom of the 8th over - 0 runs, 0 hits, 0 errors, 2 left on base; Los Angeles (NYP) 2 - Tri-City 3 |
| TOP OF THE 9TH |
|
Los Angeles (NYP) Angels batting - Pitching for Tri-City ValleyCats : RHP Arsène Serre
|
|
Batting: RHB Steve Hasson
|
0-0: Ball 1-0: Called Strike 1-1: Ball 2-1: SINGLE (Groundball, 56, EV 98.8 MPH)
|
|
Batting: SHB Conor Davies
|
0-0: Swinging Strike 0-1: Called Strike 0-2: Strikes out swinging
|
|
Pitching: RHP Chris Miles
|
|
|
Batting: RHB John Beddow
|
0-0: Ball 1-0: Swinging Strike 1-1: Foul Ball, location: 2F 1-2: Fly out, F8 (Line Drive, 8RD, EV 98.1 MPH)
|
|
Batting: RHB Tsega Haida
|
0-0: Ball 1-0: Ball 2-0: SINGLE (Groundball, 6MD, EV 101.2 MPH) Steve Hasson to second Runner from 2nd tries for 3rd, SAFE, throw by CF made at trailing runner, OUT! 8-4
|
| Top of the 9th over - 0 runs, 2 hits, 0 errors, 1 left on base; Los Angeles (NYP) 2 - Tri-City 3 |
|